Cogmind - Beta 13 @@@ ROGUE MODE // 2024.04.03 @ 12:42:11 Player: f_ Result: Self-destructed Performance ------------- Evolutions (1) 500 Regions Visited (2) 400 Robots Destroyed (25) 125 Value Destroyed (658) 658 Prototype IDs (0) 0 Alien Tech Used (0) 0 Bonus (16) 16 TOTAL SCORE: 1699 Bonus ------- High Alert Combat Kills 16 Cogmind --------- Core Integrity 308/400 Matter 238/300 Energy 100/100 System Corruption 0% Temperature Cool (0) Movement Walking (120) Location -9/Materials Parts ------- > --- POWER (1) -------- (None) > --- PROPULSION (2) --- Aluminum Leg > --- UTILITY (4) ------ (None) > --- WEAPON (2) ------- Katana Katana > --- INVENTORY (5) ---- Assault Rifle Improved Light Cannon Datajack Peak State ------------ > --- POWER ------------ Ion Engine > --- PROPULSION ------- Aluminum Leg Aluminum Leg > --- UTILITY ---------- (None) > --- WEAPON ----------- Katana Katana > --- INVENTORY -------- Assault Rifle Improved Light Cannon Datajack [Rating: 9] Favorites ----------- Power Ion Engine Engine Ion Engine Propulsion Compact Wheel Leg Aluminum Leg Wheel Compact Wheel Utility Signal Interpreter Storage Medium Storage Unit Processor Signal Interpreter Weapon Grenade Launcher Ballistic Gun Assault Rifle Ballistic Cannon Improved Light Cannon Launcher Grenade Launcher Slashing Weapon Katana Build | -11 -10 -9 ------- Run | Yrd Mat Mat Slots Evolved 2 | . . 2 Power . | . . . Propulsion . | . . . Utility 2 | . . 2 Weapon . | . . . Parts Attached 14 | 6 3 5 Power 1 | 1 . . Engine 1 | 1 . . Core . | . . . Reactor . | . . . Propulsion 4 | 2 . 2 Treads . | . . . Leg 2 | . . 2 Wheel 2 | 2 . . Hover . | . . . Flight . | . . . Utility 3 | 1 2 . Device . | . . . Storage 2 | 1 1 . Processor 1 | . 1 . Hackware . | . . . Protection . | . . . Artifact . | . . . Weapon 6 | 2 1 3 Energy Gun . | . . . Energy Cannon . | . . . Ballistic Gun 2 | 2 . . Ballistic Cannon 1 | . . 1 Launcher 1 | . 1 . Special Weapon . | . . . Impact Weapon . | . . . Slashing Weapon 2 | . . 2 Piercing Weapon . | . . . Special Melee Weapon . | . . . Unidentified Prototypes . | . . . Parts Lost 6 | . . 6 Power 1 | . . 1 Propulsion 3 | . . 3 Utility 1 | . . 1 Weapon 1 | . . 1 Highest Loss Streak 2 | . . 2 To Critical Strikes . | . . . Average Slot Usage (%) 79 | . 92 65 Engine 12 | . 14 10 Leg 5 | . . 11 Wheel 18 | . 28 9 Storage 9 | . 15 4 Processor 7 | . 6 8 Ballistic Gun 8 | . 17 . Ballistic Cannon 1 | . . 3 Launcher 10 | . 11 9 Slashing Weapon 3 | . . 7 Naked Turns . | . . . Heaviest Build 25 | 13 25 22 Greatest Support 26 | 26 26 26 Greatest Overweight (x) 2 | . . 2 Average Overweight (x) . | . . . Largest Inventory Capacity 10 | 8 10 10 Average Capacity 8 | 7 8 7 Most Carried 5 | 4 5 5 Average Carried 3 | 1 2 3 Final Capacity 10 | 8 10 5 Final Carried 3 | 1 3 3 Class Distribution -------------------- 100% | Mutant Dominant Class ---------------- Mutant | -10/Materials Mutant | -9/Materials Resources | -11 -10 -9 ----------- Run | Yrd Mat Mat Matter Collected 500 | 222 178 100 Remotely . | . . . Salvage Created 478 | . 160 318 Parts 41 | . 23 18 Haulers Intercepted . | . . . Recyclers Shooed . | . . . Parts Field Recycled . | . . . Retrieved Matter . | . . . Parts Self-Destructed . | . . . Prevented . | . . . Kills | -11 -10 -9 ------- Run | Yrd Mat Mat Combat Hostiles Destroyed 21 | . 10 11 Melee 2 | . . 2 Cannons 2 | . . 2 AOE 17 | . 10 7 Classes Destroyed 5 | . 5 . Builder 1 | . 1 . Operator 2 | . 1 1 Watcher 1 | . 1 . Swarmer 8 | . 6 2 Grunt 13 | . 4 9 Best Kill Streak 7 | . 4 7 Combat Bots Only 7 | . 3 7 Max Kills in Single Turn 3 | . 3 2 Gunslinging . | . . . Exploded 3 | . 3 2 Melee 1 | . . 1 Uniques/NPCs Destroyed . | . . . Combat | -11 -10 -9 -------- Run | Yrd Mat Mat Hostile Shots Fired 60 | . 12 48 Missed 17 | . 3 14 Damage Taken 579 | . 114 465 Core 114 | . 22 92 Absorbed by Shields . | . . . Core Remaining (%) 95 | 100 91 . Volleys Fired 27 | . 15 12 Largest 2 | . 2 2 Hottest 69 | . 40 69 Shots Fired 38 | . 20 18 Gun 10 | . 10 . Cannon 8 | . . 8 Launcher 20 | . 10 10 Special . | . . . Kinetic 18 | . 10 8 Thermal . | . . . Explosive 20 | . 10 10 Electromagnetic . | . . . Robot Hit Streak 9 | . 8 9 Robot Miss Streak 3 | . 3 1 Penetration Max . | . . . Secondary Targets . | . . . Shots Hit Robots 25 | . 10 15 Core Hits 31 | . 17 14 Critical Kills . | . . . Critical Parts Destroyed . | . . . Critical Strikes 3 | . . 3 Sever 3 | . . 3 Melee Attacks 11 | . . 11 Impact . | . . . Slashing 11 | . . 11 Piercing . | . . . Sneak Attacks . | . . . Combat Hostiles . | . . . Follow-up Attacks 1 | . . 1 Damage Inflicted 1468 | . 670 798 Guns 18 | . 18 . Cannons 62 | . . 62 Explosions 1155 | . 652 503 Melee 233 | . . 233 Ramming . | . . . Kinetic 80 | . 18 62 Thermal . | . . . Explosive 1155 | . 652 503 Electromagnetic . | . . . Impact . | . . . Slashing 233 | . . 233 Piercing . | . . . Highest Corruption . | . . . Average Corruption . | . . . Corruption Purged . | . . . Corruption Blocked . | . . . Overload Shots . | . . . Overflow Damage 36 | . 17 19 Projectiles . | . . . Explosions 36 | . 17 19 Melee . | . . . Knockbacks 1 | . . 1 Impact . | . . . Kinetic 1 | . . 1 Secondary . | . . . Self-Inflicted Damage 93 | . 28 65 Shots 4 | . 1 3 Rammed . | . . . Targets Rammed . | . . . Kicked . | . . . Crushed . | . . . Highest Temperature 18 | . 11 18 Average Temperature 8 | . 5 10 Received Heat Transfer 219 | . 36 183 Siege Activations . | . . . Robots Corrupted . | . . . Combat Hostiles . | . . . Parts Fried . | . . . Impact Corruptions . | . . . Robots Melted . | . . . Combat Hostiles . | . . . Parts Melted . | . . . Heat Transferred . | . . . Parts Sabotaged . | . . . Parts Stolen . | . . . Parts Stripped . | . . . Power Chain Reactions . | . . . Alert | -11 -10 -9 ------- Run | Yrd Mat Mat Peak Influence 492 | . 289 492 Initial 97 | . . 97 Average 228 | . 157 332 Maximum Alert Level 2 | . 1 2 Low Security (%) 54 | 100 69 32 Level 1 21 | . 30 15 Level 2 24 | . . 52 Level 3 . | . . . Level 4 . | . . . Level 5 . | . . . High Security . | . . . Max Security . | . . . Squads Dispatched 6 | . 2 4 Investigation 2 | . . 2 Extermination . | . . . Reinforcement 4 | . 2 2 Assault . | . . . Garrison . | . . . Intercept . | . . . Searches Triggered . | . . . Construction Impeded 1 | . . 1 Haulers Reinforced . | . . . Active Scanning Responses . | . . . Cargo Convoy Interrupts . | . . . Stealth | -11 -10 -9 --------- Run | Yrd Mat Mat Distress Signals 1 | . 1 . Communications Jammed . | . . . Distress Signals . | . . . Times Spotted 34 | . 15 19 Peak Tracking Total 6 | . 4 6 Tactical Retreats . | . . . Traps | -11 -10 -9 ------- Run | Yrd Mat Mat Traps Triggered 2 | . . 2 Indirectly 1 | . . 1 Trap Hack Attempts . | . . . Triggered . | . . . Disarmed . | . . . Reprogrammed . | . . . Reused . | . . . Traps Extracted . | . . . Installed . | . . . Triggered . | . . . Machines | -11 -10 -9 ---------- Run | Yrd Mat Mat Machines Disabled 7 | . 1 6 Max in Single Turn 2 | . 1 2 Machines Repaired . | . . . Machines Dismantled . | . . . Machines Sabotaged . | . . . Overloaded Fab Kills . | . . . Hacking | -11 -10 -9 --------- Run | Yrd Mat Mat Machines Accessed 4 | . 3 1 Terminals 4 | . 3 1 Fabricators . | . . . Repair Stations . | . . . Recycling Units . | . . . Scanalyzers . | . . . Garrison Access . | . . . Total Hacks 12 | . 9 3 Successful 4 | . 3 1 Failed 8 | . 6 2 Catastrophic 3 | . 2 1 Database Lockouts . | . . . Manual 9 | . 7 2 Terminals 12 | . 9 3 Fabricators . | . . . Repair Stations . | . . . Recycling Units . | . . . Scanalyzers . | . . . Garrison Access . | . . . Terminal Hacks 4 | . 3 1 Record 1 | . . 1 Terminal Index 1 | . 1 . Alert Level 1 | . 1 . Unreport Threat 1 | . 1 . Fabricator Hacks . | . . . Repair Station Hacks . | . . . Recycling Unit Hacks . | . . . Scanalyzer . | . . . Garrison Access Hacks . | . . . Unauthorized Hacks . | . . . Terminals . | . . . Fabricators . | . . . Repair Stations . | . . . Recycling Units . | . . . Scanalyzers . | . . . Garrison Access . | . . . Data Cores Recovered 1 | . . 1 Used . | . . . Hacking Detections 4 | . 3 1 Full Trace Events 2 | . 1 1 Feedback Events . | . . . Feedback Blocked . | . . . Robot Schematics Acquired . | . . . Robots Built . | . . . Authchips . | . . . Time . | . . . Total Robot Build Rating . | . . . Part Schematics Acquired . | . . . Parts Built . | . . . Authchips . | . . . Time . | . . . Total Part Build Rating . | . . . Parts Repaired . | . . . Time . | . . . Parts Recycled . | . . . Recycled Matter . | . . . Retrieved Matter . | . . . Retrieved Components . | . . . Parts Scanalyzed . | . . . Part Schematics Acquired . | . . . Parts Damaged . | . . . Bothacking | -11 -10 -9 ------------ Run | Yrd Mat Mat Used RIF Installer . | . . . Robots Hacked . | . . . Non-combat . | . . . Combat . | . . . Robot Hacks Applied . | . . . Relay Couplers Released . | . . . Fabnet Peak Effective % . | . . . Robots Rewired . | . . . Allies Hacked . | . . . Hacks Repelled . | . . . Allies | -11 -10 -9 -------- Run | Yrd Mat Mat Total Allies . | . . . Largest Group . | . . . Highest-Rated Group . | . . . Highest-Rated Ally . | . . . Total Orders . | . . . Ally Attacks . | . . . Total Damage . | . . . Kills . | . . . Allies Corrupted . | . . . Allies Melted . | . . . Intel | -11 -10 -9 ------- Run | Yrd Mat Mat Robot Analysis Total . | . . . Derelict Logs Recovered . | . . . Drone Launches . | . . . Drone Recoveries . | . . . Exploration | -11 -10 -9 ------------- Run | Yrd Mat Mat Turns Passed 605 | 39 283 283 Spaces Moved 488 | 32 261 195 Core 9 | 5 . 4 Treads . | . . . Legs 93 | . . 93 Wheels 386 | 27 261 98 Hover . | . . . Flight . | . . . Fastest Speed 50 | 50 90 90 Average Speed 95 | 83 90 105 Slowest Speed 150 | 90 90 150 Overloaded Moves . | . . . Propulsion Burnouts . | . . . Robots Hopped . | . . . Cave-ins Triggered . | . . . Exploration Rate (%) 28 | 3 57 25 Regions Visited 2 Branch Regions . Pre-discovered Areas . | . . . Known Exits Taken 1 | . 1 . Unknown Exits Taken 1 | 1 . . Scrap Searched . | . . . Spaces Dug . | . . . Terrain Destroyed 104 | . 56 48 Melee . | . . . Projectile . | . . . AOE 104 | . 56 48 Terrain Rammed . | . . . Walls Destroyed . | . . . Machines Disabled . | . . . Actions | -11 -10 -9 --------- Run | Yrd Mat Mat Total 571 | 44 289 238 Wait 16 | . 6 10 Move 486 | 31 260 195 Hop . | . . . Pick Up 13 | 7 4 2 Fast Attach 3 | . . 3 Attach 8 | 6 1 1 Detach 1 | . . 1 Swap 3 | . 2 1 Drop 4 | . 1 3 Fire 27 | . 15 12 Melee 10 | . . 10 Ram . | . . . Kick . | . . . Crush . | . . . Escape Stasis . | . . . Rewire . | . . . Trap . | . . . Miscellaneous . | . . . Route ------- -11/Scrapyard -10/Materials (discovered 3 exits: *Mat x2 / [*Min]) -9/Materials (discovered 1 exit: [*Mat]) History --------- Turn | Location | Event 15 | -11/Scrapyard | Discovered new exit (range 15) 40 | -11/Scrapyard | Entered Materials 196 | -10/Materials | Discovered new exit (range 13) 202 | -10/Materials | Discovered new exit (range 14) 214 | -10/Materials | Identified exit to Materials 298 | -10/Materials | Discovered exit to Materials (range 9) 305 | -10/Materials | Build established: Mutant 323 | -10/Materials | Entered another Materials area 323 | -9/Materials | Evolved 2 slots: Utility x2 463 | -9/Materials | Destroyed 7 combat bots 521 | -9/Materials | Discovered new exit (range 10) 606 | -9/Materials | Self-destructed Last Messages --------------- restricted by shielding the system behind multi-layered security, the first layer of which requires a dynamic key to clear without triggering defense mechanisms. 00547_ ALERT: Suspicious activity at Terminal M001. Dispatching Investigation squad. 00549_ U-05 Engineer lays Concrete. 00552_ Triggered Explosive Trap. 00552_ An explosion rips through the floor. 00553_ U-05 Engineer lays Concrete. 00558_ Grenade Launcher destroyed. 00583_ G-34 Mercenary Sml. Laser severed. 00585_ G-34 Mercenary Aluminum Leg severed. 00595_ G-34 Mercenary destroyed. 00595_ Katana follow-up attack on Y-45 Defender. 00595_ Y-45 Defender Hvy. Assault Rifle severed. 00597_ Ion Engine destroyed. 00598_ G-34 Mercenary destroyed. 00603_ Aluminum Leg destroyed. 00603_ Critical hit (Burn: +37). Map ----- +----------------------------------------------------+ | ?????????????????????????????????????????????????? | | ?????????????????????????????????????????????????? | | ?????????????????????????????????????????????????? | | ?????????????????????????????????????????????????? | | ?????????????????????????????????????????????????? | | ?????????????????????????????????????????????????? | | ?????????????????????????????????????????????????? | | ?????????????????????????????????????????????????? | | ?????????????????????????????????????????????????? | | ?????????????????????????????????????????????????? | | ????????????????????????????????????? ?????????? | | ????????????????????????????????????? ?????????? | | ????????????????????????????????????# #????????? | | ????????????????????????????????????# #????????? | | ????????????????????????????????????# #????????? | | ????????????????????????????????????# #????????? | | ????????????????????????????????????# #????????? | | ????????????????????????????????????# #????????? | | ????????????????????????????????????# #????????? | | ????????????????????????????????????# #????????? | | ????????????????????????????????????# #????????? | | ????????????????????????????????????# #????????? | | ????????????????????????######??????# #????????? | | ???????????????????????##!gY!##?????# #????????? | | ???????????????????????#![!= !#???### #????????? | | ???????????????????????#[@[g% #???# ########## | | ???????????????????????####* #???# | | ??????????????????????????# ##### | | ??????????????????????????# "" | | ??????????????????????????# "T """ | | ??????????????????????????# ^ "" """ | | ??????????????????????????# """ | | ???????????????????? """ | | ???????????????? | | ????????????????? ####### | | ????????????????? ## ###?????# """ """ | | ?????????????????#???# ????????# "" """ | | ?????????????????????#//==]]????????# """ "" | | ?????????????????????#//==]]????????# """ "" | | ?????????????????????#######????????# | | ????????????????????????????????????# | | ????????????????????????????????????# | | ????????????????????????????????????############# | | ????????????????????????????????????????????????# | | ????????????????????????????????????????????????# | | ????????????????????????????????????????????????## | | ?????????????????????????????????????????????????? | | ?????????????????????????????????????????????????? | | ?????????????????????????????????????????????????? | | ?????????????????????????????????????????????????? | +----------------------------------------------------+ Best States ------------- Heat Dissipation 28 Energy Generation 10 Energy Capacity 250 Matter Stores 300 Matter Capacity 300 Sight Range 16 Terrain Scan Density 10 Evasion (%) 55 Item Schematics ----------------- None Robot Schematics ------------------ None Fabricated ------------ Nothing Alien Tech Used ----------------- None Achievements -------------- None Challenges ------------ None Game ------ Seed TiamatFieldPod Manual? 0 Play Time 00:09:34 Cumulative 110.1 hours Start 2024.04.03 @ 12:32:25 End 2024.04.03 @ 12:42:11 Sessions 1 Manual Loads 0 Difficulty Rogue Special Mode None Game No. 112 Rogue 109 Adventurer 0 Explorer 3 Win Type - Total 0 Types 0/0/0/0/0/0/0/0/0 Lore% 31 Gallery% 47 Achievement% 34 Wizard Run 0 Options --------- Layout 1 ASCII 0 Keyboard 0 Movement Numpad Keybinds 0 Fullscreen 2 Font 24/Tamsyn Map View 50x35 Zoom Use 0% Tactical HUD 1 Map Filters NONE Filters NONE Steam 1 RUN: db40fa17-a0a7-49a4-aa32-b0f4d586ccf6